 Dungeon Crawl Stone Soup version 0.27.1-34-g3ba077fa99 (webtiles) character file.

Game seed: 13207355806545626358

463 iamoutofideas the Magician (level 7, -1/45 HPs)
             Began as a Djinni Fire Elementalist on Jan 12, 2022.
             Slain by a river rat (2 damage)
             ... summoned by Eustachio
             ... on level 4 of the Dungeon.
             The game lasted 00:04:37 (4021 turns).

iamoutofideas the Magician (DjFE)                   Turns: 4021, Time: 00:04:38

Health: -1/45      AC:  5    Str:  7    XL:     7   Next: 29%
Gold:   98         EV: 13    Int: 18    God:
                   SH:  0    Dex: 20

rFire    + + +     SeeInvis +   (no weapon)
rCold    x . .     Faith    .   (no shield)
rNeg     . . .     Spirit   .   a - +0 robe
rPois    ∞         Reflect  .   q - +2 helmet "Ypnoab" {rF+ Regen+ SInv}
rElec    .         Harm     .   (no cloak)
rCorr    .         Rampage  .   (no gloves)
Will     .....                  (boots unavailable)
Stlth    ++........             (no amulet)
HPRegen  1.15/turn              d - +6 ring of dexterity
MPRegen  0.00/turn              n - ring of protection from fire

@: flying, very slightly contaminated
A: sickness immunity, fire resistance 2, cold vulnerability 1, float, innate
caster, hp casting, extra vitality 1
a: no special abilities


You were on level 4 of the Dungeon.
You visited 1 branch of the dungeon, and saw 4 of its levels.

You collected 98 gold pieces.

Inventory:

Armour
 a - a +0 robe (worn)
 f - a +0 buckler
 q - the +2 helmet "Ypnoab" (worn) {rF+ Regen+ SInv}
   (You took it off Robin on level 3 of the Dungeon)

   rF:        It protects you from fire.
   SInv:      It lets you see invisible.
   Regen:     It increases your rate of health regeneration.
Magical Staves
 u - a staff of earth
Jewellery
 d - a +6 ring of dexterity (left hand)
 n - a ring of protection from fire (right hand)
 t - a ring of see invisible
Scrolls
 c - a scroll of fear {unknown}
 e - a scroll of amnesia {unknown}
 g - a scroll of brand weapon {unknown}
 i - a scroll of noise {unknown}
 l - a scroll of magic mapping {unknown}
 m - 2 scrolls of fog {unknown}
 o - 2 scrolls of identify {unknown}
 p - a scroll of teleportation {unknown}
 r - a scroll of blinking {unknown}
 v - a scroll of silence {unknown}
Potions
 b - 2 potions of curing {unknown}
 h - 2 potions of berserk rage {unknown}
 j - a potion of ambrosia {unknown}
 k - a potion of flight {unknown}
 s - 2 potions of lignification {unknown}


   Skills:
 + Level 0.1 Fighting
 + Level 2.7 Dodging
 + Level 2.5 Stealth
 + Level 5.6 Spellcasting


You couldn't memorise any spells.
You knew the following spells:

 Your Spells              Type           Power      Damage    Failure   Level
a - Foxfire               Conj/Fire      100%       2x1d9     1%          1
b - Conjure Flame         Conj/Fire      25%        6-21      3%          3
c - Inner Flame           Hex/Fire       25%        N/A       3%          3
d - Sticky Flame          Conj/Fire      25%        2d5       12%         4
e - Fireball              Conj/Fire      12%        3d7       34%         5
f - Beastly Appendage     Tmut           50%        N/A       1%          1
g - Call Imp              Summ           25%        N/A       1%          2
h - Gell's Gravitas       Tloc           12%        N/A       3%          3
Your spell library was empty.

Dungeon Overview and Level Annotations

Branches:
Dungeon (4/15)
 Temple: D:4-7

Altars:

Shops:
D:4 :

Annotations:
D:3 2 runed translucent doors, 4000weaks's ghost, amateur GrBe; Crazy Yiuf
D:4 Eustachio


Innate Abilities, Weirdness & Mutations

You are immune to sickness and miasma.
You are immune to poison.
Your flesh is very heat resistant. (rF++)
You are vulnerable to cold. (rC-)
You float through the air rather than walking.
You learn spells naturally, not from books.
Your magical power is your life essence.
You have superior vitality. (+4 HP)


Message History

The bat's corpse disappears in a puff of smoke!
Eustachio hits you with a +3 rapier of venom!
The river rat bites you.
Casting: Foxfire (safe; 1% risk of failure)
Confirm with . or Enter, or press ? or * to list all spells.
The spell is quite dangerous to cast (12% risk of failure)!
Continue anyway?
Okay, then.
Casting: Sticky Flame (quite dangerous; 12% risk of failure)
Confirm with . or Enter, or press ? or * to list all spells.
The spell is extremely dangerous to cast (34% risk of failure)!
Continue anyway?
Aiming: Fireball (extremely dangerous; 34% risk of failure)
Press: ? - help, Shift-Dir - straight line The fireball explodes!
The fireball engulfs Eustachio.
Eustachio resists.
Eustachio is heavily wounded.
The foxfire hits the river rat.
The river rat is heavily wounded.
Eustachio gestures wildly while chanting.
The river rat barely misses you. The river rat bites you.
Unknown command.
Unknown command.
Casting: Fireball (extremely dangerous; 34% risk of failure)
Confirm with . or Enter, or press ? or * to list all spells.
You don't know that spell.
Unknown command.
Unknown command.
Casting: Fireball (extremely dangerous; 34% risk of failure)
Confirm with . or Enter, or press ? or * to list all spells.
The spell is extremely dangerous to cast (34% risk of failure)!
Continue anyway?
Aiming: Fireball (extremely dangerous; 34% risk of failure)
Press: ? - help, Shift-Dir - straight line, f - ufetubus
Aim: an ufetubus (summoned)
You miscast Fireball.
You are very lightly contaminated with residual magic.
You are blasted with magical energy!
* * * LOW HITPOINT WARNING * * *
x2 Eustachio mumbles some strange words.
The river rat bites you.
* * * LOW HITPOINT WARNING * * *
The river rat bites you.
You die...

............. ..##...##
...........## #.......##
............### #........#
.........≈≈.≈≈## ##........##
........≈≈≈.≈≈≈# #.<........#
........≈≈⌠.⌠≈≈###..........##
...........∩...##§.....<.....#
........≈≈⌠.⌠≈≈...............#
........≈≈≈.≈≈≈.@r.).)........#
.........≈≈.≈≈#5@r.†.....Z....#
...........####...r.........)..
.........[.# ...5.............
...(.......# #.................
..........## ##................
..........# ####......
..........# ###### ###.#######


You could see Eustachio, a crimson imp (summoned), 2 river rats, an ufetubus
(summoned) and a quokka (summoned).

Vanquished Creatures
  Sigmund (D:3)
  An orc priest (D:3)
  Natasha (thrice) (D:3)
  Robin (D:3)
  8 gnolls
  2 adders
  An ufetubus (D:3)
  2 adder skeletons (D:4)
  2 worms
  A dart slug (D:3)
  5 orcs (D:3)
  5 ball pythons
  7 bats
  4 endoplasms
  3 giant cockroaches (D:2)
  17 goblins
  5 hobgoblins
  3 jackals (D:1)
  4 frilled lizards
  3 kobolds
  A rat (D:1)
79 creatures vanquished.

Vanquished Creatures (others)
  412 foxfires
412 creatures vanquished.

Grand Total: 491 creatures vanquished

Notes
Turn   | Place    | Note
-------+----------+-------------------------------------------
     0 | D:1      | iamoutofideas the Djinni Fire Elementalist began the quest
                  | for the Orb.
     0 | D:1      | Reached XP level 1. HP: 15/15 MP: 0/0
    35 | D:1      | Reached XP level 2. HP: 6/21 MP: 0/0
   366 | D:1      | Reached skill level 3 in Spellcasting
   733 | D:1      | Reached XP level 3. HP: 23/25 MP: 0/0
   733 | D:1      | Learned a level 1 spell: Beastly Appendage
   801 | D:1      | Found a faded altar of an unknown god.
   801 | D:1      | Noticed a golden eye
   872 | D:1      | Noticed a shining eye
   872 | D:1      | Noticed an eye of devastation
   872 | D:1      | Noticed an eye of devastation
  1616 | D:2      | Reached XP level 4. HP: 24/31 MP: 0/0
  2521 | D:3      | Found a runed translucent door.
  2545 | D:3      | Noticed Sigmund
  2552 | D:3      | Killed Sigmund
  2553 | D:3      | Reached skill level 4 in Spellcasting
  2553 | D:3      | Reached XP level 5. HP: 28/35 MP: 0/0
  2553 | D:3      | Learned a level 2 spell: Call Imp
  2553 | D:3      | Reached XP level 6. HP: 32/40 MP: 0/0
  2924 | D:3      | Reached skill level 5 in Spellcasting
  3078 | D:3      | Identified the +2 helmet "Ypnoab" {rF+ Regen+ SInv}
  3078 | D:3      | Noticed Robin
  3087 | D:3      | Killed Robin
  3323 | D:3      | Reached XP level 7. HP: 36/45 MP: 0/0
  3323 | D:3      | Learned a level 3 spell: Gell's Gravitas
  3417 | D:3      | Noticed Natasha
  3426 | D:3      | Killed Natasha
  3567 | D:3      | Noticed 4000weaks's ghost (amateur GrBe)
  3568 | D:3      | Noticed Natasha
  3573 | D:3      | Killed Natasha
  3702 | D:3      | Found a runed translucent door.
  3703 | D:3      | Noticed Crazy Yiuf
  3752 | D:3      | Noticed Natasha
  3756 | D:3      | Killed Natasha
  3858 | D:4      | Noticed Eustachio
  3986 | D:4      | Found Doumuf's Self-Improvement Boutique.
  4021 | D:4      | HP: 2/45 [something (13)]
  4021 | D:4      | Slain by a river rat

Illustrated notes

Levels and vault maps discovered:
D:1:      amcnicky_arrival_wind_blow, layout_rooms,
          hellmonk_ecumenical_altar_watching_god
D:2:      layout_basic
D:3:      layout_basic, ebering_ghost_reflecting_pool, uniq_sigmund,
          uniq_crazy_yiuf_cottage, uniq_natasha, uniq_robin
D:4:      layout_cave_pods, nicolae_shop_self_help, uniq_eustachio

Skill      XL: |  1  2  3  4  5  6 |
---------------+-------------------+-----
Spellcasting   | 3 4 5 |  5.6
Stealth        | 2 |  2.5
Fighting       | |  0.1
Dodging        | |  2.7

Action                   |  1- 3 |  4- 6 |  7- 9 || total
-------------------------+-------+-------+-------++-------
 Cast: Foxfire           |    60 |   122 |    62 ||   244
       Fireball          |       |       |     1 ||     1
Armor: Robe              |       |     7 |     3 ||    10
Dodge: Dodged            |    19 |    13 |    13 ||    45
